 Dungeon Crawl Stone Soup version 0.31-a0-369-g8eba5f6939 (webtiles) character file.

Game seed: 10174687441901298893

1267 RepHenryClay the Chopper (level 8, -2/63 HPs)
             Began as a Ghoul Monk on July 29, 2023.
             Was a Priest of Okawaru.
             Slain by a gnoll sergeant
             ... wielding a +0 trident
              (3 damage)
             ... on level 6 of the Dungeon.
             The game lasted 00:06:17 (4516 turns).

RepHenryClay the Chopper (Ghoul Monk)               Turns: 4516, Time: 00:06:17

Health: -2/63      AC:  6    Str: 15    XL:     8   Next: 52%
Magic:  0/10       EV: 12    Int:  5    God:    Okawaru [***...]
Gold:   404        SH:  0    Dex: 13    Spells: 7/7 levels left

rFire   . . .        n - +1 war axe (vamp)
rCold   + + .        c - orb {light}
rNeg    + + +        e - +3 leather armour {rC+}
rPois   ∞            (no helmet)
rElec   .            (no cloak)
rCorr   .            (no gloves)
SInv    .            (no boots)
Will    .....        m - amulet of guardian spirit
Stlth   +            (no ring)
HPRegen 0.00/turn    (no ring)
MPRegen 0.12/turn

%: guardian spirit
@: inhibited regen, glowing
A: claws 1, cold resistance 1, negative energy resistance 3, inhibited
regeneration, torment resistance 2, devour on kill
a: Renounce Religion, Heroism


You were on level 6 of the Dungeon.
You worshipped Okawaru.
Okawaru was most pleased with you.
You visited 1 branch of the dungeon, and saw 6 of its levels.

You collected 404 gold pieces.

Inventory:

Hand Weapons
 n - a +1 vampiric war axe (weapon)
 u - a +1 halberd of flaming
Missiles
 b - a throwing net
Armour
 a - a +0 robe
 c - an orb of light (worn)
 e - a +3 leather armour of cold resistance (worn)
 h - a +2 robe of fire resistance
 o - a +1 ring mail
Jewellery
 m - an amulet of guardian spirit (around neck)
Wands
 f - a wand of digging (5)
 k - a wand of flame (21)
 w - a wand of polymorph (8)
Scrolls
 d - a scroll of enchant armour
 g - 4 scrolls of identify {@r1}
 j - 2 scrolls of vulnerability {unknown}
 l - 2 scrolls of teleportation {unknown}
 r - 2 scrolls of amnesia {unknown}
 s - a scroll of immolation {unknown}
Potions
 i - a potion of brilliance
 p - a potion of heal wounds {unknown}
 q - 2 potions of mutation {unknown}
 t - a potion of berserk rage {unknown}
 v - a potion of curing
 x - 2 potions of haste {unknown}


   Skills:
 - Level 3.2 Fighting
 + Level 7.0 Axes
 - Level 3.5 Armour
 - Level 2.7 Dodging
 - Level 3.2 Unarmed Combat
 - Level 5.0 Invocations


You had 7 spell levels left.
You didn't know any spells.
Your spell library contained the following spells:

 Spells                   Type           Power      Damage    Failure   Level
 Slow                     Hex            0%         N/A       54%         1
 Confusing Touch          Hex            0%         N/A       89%         3
 Vampiric Draining        Necr           0%         2d6       89%         3


Dungeon Overview and Level Annotations

Branches:
Dungeon (6/15)             Temple (0/1) D:4

Altars:
Cheibriados
Gozag
Nemelex Xobeh
Okawaru
Sif Muna


Innate Abilities, Weirdness & Mutations

You are immune to poison.
You have sharp fingernails.
Your flesh is cold resistant. (rC+)
You are immune to negative energy. (rN+++)
You do not regenerate when monsters are visible.
You are immune to unholy pain and torment.
You thrive by killing the living.


Message History

The gnoll sergeant is severely wounded.
The gnoll barely misses you.
The gnoll sergeant hits you with a +0 trident!
Huge Dmg: -18%(-11hp) hp: 54%(34hp)
You are too injured to fight recklessly!
You are too injured to fight recklessly!
The gnoll sergeant blocks your attack.
The gnoll sergeant is severely wounded.
The gnoll barely misses you.
The gnoll sergeant hits you with a +0 trident.
Damage: -4%(-3hp) hp: 50%(31hp)
You hit the gnoll sergeant but do no damage.
The gnoll sergeant is severely wounded.
The gnoll hits you but does no damage.
The gnoll sergeant hits you with a +0 trident!
* * * LOW HITPOINT WARNING * * *
Huge Dmg: -13%(-8hp) hp: 37%(23hp)
An orc comes into view. It is wielding a +0 flail.
The orc shouts!
The gnoll sergeant barely misses you.
The gnoll sergeant hits you from afar with a +0 trident!
* * * LOW HITPOINT WARNING * * *
Huge Dmg: -13%(-8hp) hp: 24%(15hp)
The orc misses you.
The gnoll hits you from afar with a +0 spear.
* * * LOW HITPOINT WARNING * * *
The gnoll sergeant hits you from afar with a +0 trident.
* * * LOW HITPOINT WARNING * * *
Huge Dmg: -11%(-7hp) hp: 13%(8hp)
The orc barely misses you.
You see here a scorpion corpse.
The orc attacks as you move away! The orc hits you with a +0 flail.
* * * LOW HITPOINT WARNING * * *
Huge Dmg: -3%(-2hp) hp: 10%(6hp)
The orc attacks as you move away! The orc barely misses you.
There is an escape hatch in the ceiling here.
The orc hits you with a +0 flail.
* * * LOW HITPOINT WARNING * * *
The gnoll sergeant hits you from afar with a +0 trident.
You die...

... ##.#.#..##.#.# #.....#
#.......##.#.# #.#.###
#......###.#.# #.#.###
########.###.### ###.#...#
...).).......<.. #.....#.#
########.###...# #.#.#.#.#
....###.... ... ...#.# #
......#..###.##########.#.#
#...#.#..........@o.#...#.#
##........!.#######g#.#[#.###
###.#.#.............g.#.....#
.....<#.........###g##..#####
####### ...P.P...##.#...#
..........#g..#.#
.P.P......#†.##.#
.P.........>.##.#
..P.....g#.####..


You could see a gnoll sergeant, a gnoll and an orc.

Vanquished Creatures
  Grinder (D:3)
  Eustachio (D:4)
  Edmund (D:6)
  An ice beast (D:5)
  An ogre (D:4)
  A scorpion (D:6)
  A howler monkey (D:5)
  2 jellies
  2 hounds
  A gnoll bouda (D:5)
  An orc priest (D:3)
  2 iguanas
  5 orc wizards
  6 gnolls
  4 adders
  An ufetubus (D:5)
  6 dart slugs
  15 orcs
  8 bats
  5 endoplasms
  A giant cockroach (D:4)
  9 goblins
  5 hobgoblins
  4 jackals (D:1)
  8 kobolds
  3 ball pythons
  2 frilled lizards (D:2)
  4 rats
101 creatures vanquished.

Notes
Turn   | Place    | Note
-------+----------+-------------------------------------------
     0 | D:1      | RepHenryClay the Ghoul Monk began the quest for the Orb.
     0 | D:1      | Reached XP level 1. HP: 19/19 MP: 0/0
   186 | D:1      | Reached skill level 1 in Armour
   264 | D:1      | Reached XP level 2. HP: 23/26 MP: 1/1
   630 | D:1      | Reached XP level 3. HP: 31/31 MP: 2/2
  1112 | D:2      | Reached XP level 4. HP: 38/38 MP: 3/3
  1649 | D:3      | Found a snail-covered altar of Cheibriados.
  1755 | D:3      | Noticed Grinder
  1755 | D:3      | Paralysed by Grinder for 5 turns
  1786 | D:3      | Paralysed by Grinder for 4 turns
  1802 | D:3      | Killed Grinder
  1803 | D:3      | Reached skill level 3 in Axes
  1803 | D:3      | Reached XP level 5. HP: 25/45 MP: 1/4
  1803 | D:3      | Reached XP level 6. HP: 28/51 MP: 1/5
  1887 | D:3      | Found a sparkling altar of Nemelex Xobeh.
  1915 | D:3      | Reached skill level 4 in Axes
  2152 | D:3      | Found an iron altar of Okawaru.
  2168 | D:3      | Became a worshipper of Warmaster Okawaru
  2168 | D:3      | Reached * piety under Okawaru
  2168 | D:3      | Reached ** piety under Okawaru
  2361 | D:4      | Found a shimmering blue altar of Sif Muna.
  2376 | D:4      | Reached skill level 1 in Invocations
  2719 | D:4      | Noticed Eustachio
  2723 | D:4      | Reached XP level 7. HP: 56/57 MP: 5/8
  2755 | D:4      | Killed Eustachio
  2756 | D:4      | Reached skill level 5 in Invocations
  3196 | D:4      | Found a staircase to the Ecumenical Temple.
  3261 | D:5      | Entered Level 5 of the Dungeon
  3480 | D:5      | Reached *** piety under Okawaru
  3481 | D:5      | Reached skill level 5 in Axes
  3481 | D:5      | Reached XP level 8. HP: 58/63 MP: 8/10
  3850 | D:5      | Found an opulent altar of Gozag.
  4106 | D:5      | Reached skill level 6 in Axes
  4284 | D:6      | Noticed Edmund
  4296 | D:6      | Killed Edmund
  4474 | D:6      | Reached skill level 7 in Axes
  4516 | D:6      | HP: 1/63 [orc/+0 flail (5)]
  4516 | D:6      | Slain by a gnoll sergeant

Illustrated notes

Levels and vault maps discovered:
D:1:      amcnicky_arrival_flooded_fountain, layout_basic
D:2:      minmay_evil_eye, layout_basic, wander_ebering_terrifying_dragon_lair
D:3:      layout_basic, lemuel_crystal_altar, mainiacjoe_overflow_cross_hatched,
          mainiacjoe_overflow_brackets, hangedman_decor_points, uniq_grinder
D:4:      layout_loops_ring, mainiacjoe_overflow_boulevard,
          nicolae_sif_muna_condensation, minmay_temple_entry_antechambers,
          uniq_eustachio
D:5:      layout_basic, nicolae_gozag_cash_rules_everything_around_me,
          kennysheep_another_room
D:6:      layout_basic, mainiacjoe_overflow_six_doors_small, fedhas_altar_4,
          hangedman_decor_opposing, nicolae_grassy_gnolls, uniq_edmund

Skill      XL: |  1  2  3  4  5  6  7  8 |
---------------+-------------------------+-----
Armour         | 1 2 3 |  3.5
Axes           | 3 4 5 7 |  7.0
Invocations    | 3 5 |  5.0
Fighting       | |  3.2
Dodging        | |  2.7
Unarmed Combat | |  3.2

Action                     |  1- 3 |  4- 6 |  7- 9 || total
---------------------------+-------+-------+-------++-------
  Melee: Unarmed           |    96 |    63 |       ||   159
         War axe           |       |    38 |   141 ||   179
 Invoke: Heroism           |       |       |     2 ||     2
    Use: Potion            |       |     6 |     2 ||     8
         Scroll            |       |       |     3 ||     3
 Armour: Robe              |    18 |     5 |       ||    23
         Ring mail         |       |    14 |     2 ||    16
         Leather armour    |       |       |    30 ||    30
  Dodge: Dodged            |    58 |    42 |   104 ||   204

Table legend: (Time is in decaauts)
 A = Elapsed time spent in this place.
 B = Non-inter-level travel time spent in this place.
 C = Inter-level travel time spent in this place.
 D = Time resting spent in this place.
 E = Time spent auto-exploring this place.
 F = Levels seen in this place.
 G = Mean time per level.
                   A        B        C        D        E       F      G
               +--------+--------+--------+--------+--------+-----+--------+
         Total |   4543 |   4423 |    120 |      0 |   3588 |   6 |  757.2 |
       Dungeon |   4543 |   4423 |    120 |      0 |   3588 |   6 |  757.2 |
               +--------+--------+--------+--------+--------+-----+--------+

Top non-repeatable levels by time:
     D:5: 1024 daAuts
     D:4: 934 daAuts
     D:2: 795 daAuts
     D:1: 788 daAuts
     D:3: 754 daAuts
     D:6: 247 daAuts
